 Dungeon Crawl Stone Soup version 0.31-a0-4-gefa6de2278 (webtiles) character file.

Game seed: 8336143082400766214

514288 Kenran the Warrior (level 25, -1/198 HPs)
             Began as a Vine Stalker Monk on Apr 27, 2023.
             Was the Champion of Elyvilon.
             Drowned by a quicksilver ooze (2 damage)
             ... on level 4 of the Pits of Slime on May 4, 2023.
             The game lasted 03:23:45 (71009 turns).

Kenran the Warrior (Vine Stalker Monk)             Turns: 71009, Time: 03:23:45

Health: -1/198     AC: 29    Str: 17 (18) XL:     25   Next: 64%
Magic:  0/35       EV: 17    Int: 20      God:    Elyvilon [******]
Gold:   4020       SH: 17    Dex: 21      Spells: 34/34 levels left

rFire   + . .        m - +5 eveningstar
rCold   + . .        K - +2 kite shield of Grottiness {Rampage rCorr Int+6}
rNeg    + . .        o - +9 plate armour {rF+}
rPois   .            f - +0 helmet
rElec   .            J - +2 cloak {Stlth+}
rCorr   +            v - +0 pair of gloves
SInv    .            L - +2 pair of boots
Will    +++++        X - amulet of the Four Winds {rN+ Will+++ Clar} Stlth
                     b - ring of Arrival {rC+ Int+6 Stlth+}
HPRegen 1.33/turn    D - +5 ring of evasion
MPRegen 0.24/turn

%: clarity, guardian spirit, rampage
@: berserking, engulfed (cannot breathe), corroded, studying Dodging, unable to
read, very quick
A: fangs 3, regeneration 1, magic shield, antimagic bite, no potion heal 2,
berserk 1, clumsy 1, deterioration 1, dopey 1, frail 1, strong-willed 1,
screaming 1, weak 1, inability to read after injury 1
}: 2/15 runes: barnacled, gossamer
a: Renounce Religion, Purification, Heal Other, Heal Self, Divine Vigour


You were on level 4 of the Pits of Slime.
You worshipped Elyvilon.
Elyvilon was exalted by your worship.
You visited 11 branches of the dungeon, and saw 50 of its levels.
You visited the Abyss 1 time.
You also visited: Sewer and Ice Cave.

You collected 5780 gold pieces.
You spent 1760 gold pieces at shops.

Inventory:

Hand Weapons
 a - the +3 quick blade of Ytupepna {freeze, rElec Str+3 Dex+2 SInv}
   (You acquired it on level 11 of the Dungeon)

   Str:       It affects your strength (+3).
   Dex:       It affects your dexterity (+2).
   rElec:     It insulates you from electricity.
   SInv:      It lets you see invisible.
 m - a +5 eveningstar (weapon)
Armour
 f - a +0 helmet (worn)
 o - a +9 plate armour of fire resistance (worn)
 v - a +0 pair of gloves (worn)
 J - a +2 cloak of stealth (worn)
 K - the +2 kite shield of Grottiness (worn) {Rampage rCorr Int+6}
   (You found it on level 2 of the Shoals)

   Int:       It affects your intelligence (+6).
   rCorr:     It protects you from acid and corrosion.
   Rampage:   It bestows one free step when moving towards enemies.
 L - a +2 pair of boots (worn)
Jewellery
 b - the ring of Arrival (left hand) {rC+ Int+6 Stlth+}
   (You took it off a deep elf blademaster on level 3 of the Elven Halls)

   [ring of intelligence]

   Int:       It affects your intelligence (+6).
   rC:        It protects you from cold.
   Stlth:     It makes you more stealthy.
 d - a ring of poison resistance
 r - a ring of protection from fire
 D - a +5 ring of evasion (right hand)
 N - the ring of Zuirres {rElec Will+ MP+9 Str+6 Int-5}
   (You found it on level 3 of the Elven Halls)

   [ring of magical power]

   Str:       It affects your strength (+6).
   Int:       It affects your intelligence (-5).
   rElec:     It insulates you from electricity.
   MP:        It affects your magic capacity (+9).
   Will:      It increases your willpower.
 X - the amulet of the Four Winds (around neck) {rN+ Will+++ Clar}
   (You bought it in a shop on level 2 of the Orcish Mines)

   [amulet of nothing]

   rN:        It protects you from negative energy.
   Clar:      It protects you from confusion, rage, mesmerisation and fear.
   Will:      It greatly increases your willpower.
Wands
 s - a wand of flame (42)
 y - a wand of mindburst (8)
 C - a wand of digging (41)
 G - a wand of iceblast (24)
 O - a wand of quicksilver (22)
 S - a wand of charming (58)
 Z - a wand of polymorph (28)
Scrolls
 h - 13 scrolls of fog
 i - 10 scrolls of magic mapping
 t - 5 scrolls of teleportation
 A - 2 scrolls of summoning
 B - 15 scrolls of fear
 H - 2 scrolls of blinking
 I - 5 scrolls of poison {!r}
 T - 2 scrolls of enchant weapon
 V - 5 scrolls of silence
 W - 10 scrolls of immolation {!r}
Potions
 c - 21 potions of ambrosia
 e - 5 potions of haste
 g - 10 potions of attraction {!q}
 j - 7 potions of mutation {!q}
 k - 3 potions of resistance
 l - 9 potions of might
 q - 9 potions of brilliance
 u - 9 potions of invisibility
 w - 8 potions of curing {@q1}
 z - 9 potions of lignification {!q}
 M - 3 potions of cancellation
 P - 2 potions of magic
 Q - 9 potions of flight
 U - 2 potions of berserk rage {!q}
Miscellaneous
 n - a lightning rod (4/4)
 p - a phantom mirror
 x - a box of beasts
 Y - a phial of floods


   Skills:
 - Level 20.0 Fighting
 - Level 12.0(12.9) Short Blades
 - Level 7.8(11.0) Long Blades
 - Level 16.0 Maces & Flails
 - Level 16.1 Armour
 + Level 12.4 Dodging
 - Level 16.1 Shields
 - Level 5.0 Spellcasting
 - Level 15.0 Invocations
 + Level 12.4 Evocations


You had 34 spell levels left.
You didn't know any spells.
Your spell library contained the following spells:

 Spells                   Type           Power      Damage    Failure   Level
 Beastly Appendage        Tmut           10%        N/A       95%         1
 Sandblast                Erth           10%        2d5       95%         1
 Summon Small Mammal      Summ           20%        N/A       95%         1
 Blink                    Tloc           10%        N/A       99%         2
 Cigotuvi's Dreadful Rot  Necr/Pois/Air  10%        N/A       99%         2
 Ensorcelled Hibernation  Hex/Ice        10%        N/A       99%         2
 Lesser Beckoning         Tloc           10%        N/A       99%         2
 Momentum Strike          Conj/Tloc      10%        3d8       99%         2
 Passwall                 Tmut/Erth      4%         N/A       99%         2
 Sublimation of Blood     Necr           5%         N/A       99%         2
 Wereblood                Tmut           5%         N/A       99%         2
 Call Canine Familiar     Summ           5%         N/A       100%        3
 Frozen Ramparts          Ice            10%        1d2       100%        3
 Gell's Gravitas          Tloc           5%         N/A       100%        3
 Ignite Poison            Fire/Tmut/Pois 5%         N/A       100%        3
 Ozocubu's Armour         Ice            5%         N/A       100%        3
 Portal Projectile        Hex/Tloc       10%        N/A       100%        3
 Stone Arrow              Conj/Erth      10%        3d7       100%        3
 Summon Guardian Golem    Hex/Summ       5%         N/A       100%        3
 Teleport Other           Tloc           5%         N/A       100%        3
 Vhi's Electric Charge    Tloc/Air       10%        N/A       100%        3
 Volatile Blastmotes      Fire/Tloc      10%        2d10      100%        3
 Anguish                  Hex/Necr       2%         N/A       100%        4
 Animate Dead             Necr           5%         N/A       100%        4
 Cause Fear               Hex            2%         N/A       100%        4
 Flame Wave               Conj/Fire      5%         2d5       100%        4
 Fulminant Prism          Conj/Hex       2%         3d5       100%        4
 Ice Form                 Ice/Tmut       5%         N/A       100%        4
 Iskenderun's Mystic Bla  Conj/Tloc      5%         2d3       100%        4
 Leda's Liquefaction      Hex/Erth       2%         N/A       100%        4
 Passage of Golubria      Tloc           5%         N/A       100%        4
 Petrify                  Tmut/Erth      5%         N/A       100%        4
 Summon Ice Beast         Ice/Summ       5%         N/A       100%        4
 Arcjolt                  Conj/Air       2%         1d12      100%        5
 Fireball                 Conj/Fire      2%         3d4       100%        5
 Irradiate                Conj/Tmut      2%         3d12      100%        5
 Iskenderun's Battlesphe  Conj           5%         2d6       100%        5
 Lee's Rapid Deconstruct  Erth           2%         3d5*      100%        5
 Silence                  Hex/Air        2%         N/A       100%        5
 Yara's Violent Unravell  Hex/Tmut       2%         3d3       100%        5
 Conjure Ball Lightning   Conj/Air       2%         3x3d6     100%        6
 Dispersal                Tloc           2%         N/A       100%        6
 Plasma Beam              Fire/Air       2%         2x1d14    100%        6
 Statue Form              Tmut/Erth      3%         N/A       100%        6
 Dragon Form              Tmut           2%         N/A       100%        7
 Enfeeble                 Hex            2%         N/A       100%        7
 Orb of Destruction       Conj           2%         9d5       100%        7
 Ozocubu's Refrigeration  Ice            2%         4d8       100%        7
 Summon Hydra             Summ           2%         N/A       100%        7
 Lehudib's Crystal Spear  Conj/Erth      2%         10d2      100%        8
 Dragon's Call            Summ           2%         N/A       100%        9


Dungeon Overview and Level Annotations

Branches:
Dungeon (15/15)            Temple (1/1) D:6            Lair (5/5) D:8
 Shoals (4/4) Lair:3       Spider (4/4) Lair:2        Slime (5/5) Lair:5
    Orc (2/2) D:10            Elf (3/3) Orc:2        Vaults (4/5) D:14
  Crypt (3/3) Vaults:2       Tomb (0/3) Crypt:3      Depths (4/4) D:15
    Zot (0/5) Depths:4      Sewer (visited)           IceCv (visited)

Altars:
Ashenzari
Cheibriados
Dithmenos
Elyvilon
Fedhas
Gozag
Hepliaklqana
Kikubaaqudgha
Makhleb
Nemelex Xobeh
Okawaru
Qazlal
Ru
Sif Muna
Trog
Uskayaw
Vehumet
Wu Jian
Xom
Yredelemnul
Zin
The Shining One
Jiyva

Shops:
D:6 [   D:9 ?   D:12 *   Orc:2 [!?=   Elf:3 [*(((   Shoals:1 (   Shoals:2 *
Shoals:3 :   Vaults:3 (   Depths:1 :**!

Portals:
Hell: Depths:1 Depths:2 Depths:3 Depths:4
Abyss: Depths:3
Pandemonium: Depths:2
Ziggurat: Depths:3
Trove: Depths:1 (give +4 ice dragon scales)

Annotations:
D:1 exclusion: downstairs
D:8 exclusion: downstairs
Lair:1 exclusion: downstairs
Lair:4 3 runed translucent doors, Vuzxemn's ghost, journeyman DEFE
Lair:5 1 runed translucent door, FlurksSlurper's ghost, journeyman DsBr
Slime:4 exclusion: downstairs, Dissolution
Slime:5 Royal Jelly
Orc:2 exclusion: upstairs
Elf:2 exclusion: orange crystal statue
Vaults:4 1 transporter, Yhutz's ghost, veteran MiFi
Crypt:3 Khufu
Depths:2 Mara
Depths:3 exclusion: upstairs
Depths:4 2 runed translucent doors, Morbidden's ghost, master FoHu


Innate Abilities, Weirdness & Mutations

You have razor-sharp teeth.
Your natural rate of healing is unusually fast.
When hurt, damage is shared between your health and your magic reserves.
Your bite disrupts and absorbs the magic of your enemies.
Potions cannot restore your health.
You sometimes lose your temper in combat.
You are clumsy. (Dex -2)
Your body sometimes deteriorates upon taking damage.
You are dopey. (Int -2)
You are frail. (-10% HP)
You are strong-willed. (Will+)
You occasionally shout uncontrollably at your foes.
You are weak. (Str -2)
You occasionally lose the ability to read scrolls when taking damage.


Message History

The slime creature barely misses you.
The slime creature hits you but does no damage.
Dissolution completely misses you. Dissolution hits you!
Elyvilon protects you from harm! The acid corrodes you!
You are splashed with acid.
You resist.
* * * LOW HITPOINT WARNING * * *
The golden eye blinks at you. You resist with almost no effort.
The slime creature hits you but does no damage.
The quicksilver ooze hits you.
The quicksilver ooze hits you but does no damage.
You can move again.
Unknown command.
Unknown command.
Unknown command.
Unknown command.
Unknown command.
You impale Dissolution!!
Your hands burn!
* * * LOW HITPOINT WARNING * * *
Your bite misses Dissolution.
Dissolution is heavily wounded.
* * * LOW HITPOINT WARNING * * *
Your lungs strain for air!
You bludgeon Dissolution!!
Your hands burn!
* * * LOW HITPOINT WARNING * * *
You bite Dissolution. You drain their power.
You feel invigorated.
Dissolution is severely wounded.
* * * LOW HITPOINT WARNING * * *
Your lungs strain for air!
You block the quicksilver ooze's attack.
The quicksilver ooze hits you but does no damage.
The slime creature hits you but does no damage.
You block the slime creature's attack. Dissolution barely misses you.
Dissolution closely misses you.
The slime creature hits you but does no damage.
You impale Dissolution!!
Your hands burn!
* * * LOW HITPOINT WARNING * * *
You bite Dissolution. You drain their power.
You feel invigorated.
Dissolution is almost dead.
You die...

.....#..#.....#.....###.........#
....#..###...###...............##
#.####..#.....#.................#
#####..................^.....#.##
#.##.#.............#.....##.####
....................#...##.## #
.....................#.....^## #.
.................G...##.#....##..
.....##........JfJG......#.......
....###........JJJ..............#
...#####........GG............#.#
.###.##..........................
......##..............#..........
......#####............#.##.##.#.
.....## ###...........#.#######..
.#....###.#...............###.#..
.....###...#.....................


You could see Dissolution, a great orb of eyes (summoned), 3 slime creatures, a
shining eye (summoned), a quicksilver ooze, a floating eye (summoned, charged)
and a golden eye (summoned).

Vanquished Creatures
  Vv (Depths:2)
  Bai Suzhen (Shoals:3)
  Xtahua (Vaults:4)
  Nikola (Elf:3)
  A profane servitor (Abyss:3)
  4 bone dragons
  Jorgrun (D:14)
  A hellephant (Abyss:4)
  Zenata (Crypt:1)
  2 walking crystal tomes (Depths:3)
  A lich (Abyss:3)
  2 tentacled monstrosities (Depths:4)
  A shard shrike skeleton (Crypt:2)
  4 deep elf blademasters
  14 acid blobs
  4 sphinxes
  2 deep elf master archers (Elf:3)
  3 ancient champions
  Gastronok (Lair:2)
  A kraken (Shoals:2)
  6 tentacled starspawn
  A tengu reaver (Depths:3)
  Agnes (Elf:2)
  2 storm dragons
  A draconian knight (Depths:4)
  Kirke (D:11)
  3 revenants
  6 rockslimes
  Donald (Vaults:4)
  6 azure jellies
  2 shadow dragons
  5 emperor scorpions
  6 fire giants
  A draconian scorcher (Depths:4)
  An iron dragon (Depths:4)
  11 frost giants
  7 deep elf sorcerers (Elf:3)
  3 ghost moths
  11 vault wardens
  Louise (Depths:3)
  4 orc warlords
  A balrug (Abyss:1)
  A caustic shrike zombie (Crypt:2)
  7 ghouls
  A broodmother (Spider:2)
  2 curse skulls (Crypt:2)
  A reaper (Abyss:1)
  2 spriggan defenders (Depths:3)
  3 deep elf elementalists
  8 ironbound thunderhulks
  13 stone giants
  A cacodemon (Abyss:4)
  14 ironbound preservers
  3 quicksilver oozes (Slime:1)
  3 war gargoyles
  A black draconian (Depths:4)
  6 vampire knights
  19 very ugly things
  2 green draconians
  5 deep elf demonologists
  3 spark wasps
  A minotaur (Shoals:4)
  10 dire elephants
  A red draconian (Depths:4)
  6 deep elf annihilators (Elf:3)
  A white draconian (Depths:4)
  A green death (Abyss:4)
  2 blizzard demons (Abyss:1)
  2 merfolk impalers
  2 eidola
  4 merfolk javelineers
  7 deep elf death magi
  3 entropy weavers
  10 fire dragons
  Josephine (D:12)
  8 ettins
  3 jiangshi
  2 rakshasas
  15 great orbs of eyes
  6 yaktaur captains
  4 deep elf high priests (Elf:3)
  A quicksilver dragon skeleton (Crypt:3)
  9 vault guards
  5 ice dragons
  2 ogre magi (Orc:2)
  3 spriggan air magi
  6 hydras
  Erolcha (D:12)
  A peacekeeper (Vaults:3)
  The ghost of FlurksSlurper the Basher, a journeyman DsBr of Gozag (D:10)
  5 merfolk avatars
  A juggernaut simulacrum (Crypt:2)
  2 radroaches
  3 two-headed ogres
  4 centaur warriors
  A jorogumo (Spider:4)
  A spriggan skeleton (Abyss:1)
  2 catoblepae
  4 boulder beetles
  7 ironbound frosthearts
  3 death knights
  An Orb Guardian skeleton (Crypt:1)
  8 deep troll shamans
  15 satyrs
  6 tengu warriors
  9 thrashing horrors
  An alligator snapping turtle (Shoals:4)
  4 hell hogs
  2 deep troll earth magi (Depths:4)
  28 dancing weapons
  4 death yaks
  6 vampire magi
  An emperor scorpion zombie (Crypt:1)
  5 sun demons
  A spriggan berserker (Depths:3)
  5 hell knights
  Nergalle (Orc:2)
  16 deep elf knights
  Sonja (D:11)
  2 wretched stars
  10 sea snakes
  7 pharaoh ants
  2 sun moths
  6 soul eaters
  2 fire crabs
  11 iron trolls
  5 skysharks
  4 sixfirhies
  50 deep trolls
  A goliath frog (shapeshifter) (Depths:3)
  3 shadow wraiths
  13 orb spiders
  20 large abominations
  31 skeletal warriors
  5 flayed ghosts
  4 glowing orange brains
  3 steelbarb worms
  6 phantasmal warriors
  A bunyip skeleton (Crypt:3)
  A bog body (IceCv)
  9 deep elf archers
  9 wizards
  5 necromancers
  25 deep elf zephyrmancers
  13 orc knights
  32 harpies
  13 lindwurms
  29 deep elf pyromancers
  16 ironbound convokers
  22 manticores
  16 wolf spiders
  2 human zombies (Vaults:2)
  An oklob plant (Lair:3)
  5 cyclopes
  41 fauns
  A cyclops (shapeshifter) (Vaults:1)
  50 ugly things
  8 orc sorcerers (Orc:2)
  3 shining eyes
  4 worldbinders (Abyss:1)
  11 elephants
  4 moths of wrath
  A stone giant skeleton (Abyss:1)
  A jorogumo skeleton (Crypt:3)
  4 demonic crawlers
  2 ice statues (IceCv)
  An eye of devastation (Slime:4)
  5 smoke demons
  4 black mambas
  A centaur zombie (Crypt:2)
  2 orange demons (Abyss:4)
  2 water nymphs
  An apocalypse crab (Abyss:4)
  8 merfolk sirens
  20 cane toads
  3 gargoyles
  2 unseen horrors
  16 vault sentinels
  A torpor snail (Spider:1)
  Maggie (D:7)
  2 hellions
  A bunyip simulacrum (Crypt:2)
  3 freezing wraiths
  9 ice devils (IceCv)
  12 komodo dragons
  17 yaktaurs
  4 tengu conjurers
  2 rime drakes
  2 tormentors
  2 anaconda simulacra (IceCv)
  4 efreet
  A komodo dragon (shapeshifter) (D:15)
  An iron troll skeleton (Crypt:1)
  3 guardian mummies (Crypt:3)
  A queen bee (Lair:5)
  10 trolls
  3 ancient zymes
  A pale draconian skeleton (Crypt:2)
  3 polar bears
  A hellwing (Abyss:3)
  A red draconian skeleton (Crypt:2)
  23 merfolk
  A death drake skeleton (Crypt:3)
  3 tyrant leeches (Lair:5)
  8 meliai
  A mana viper skeleton (Crypt:2)
  28 tarantellas
  8 wind drakes
  9 hornets
  14 raiju
  26 blink frogs
  12 dream sheep
  11 snapping turtles
  29 jumping spiders
  11 flying skulls
  4 shadows
  7 ynoxinuls
  90 slime creatures
  A spriggan (Depths:3)
  3 air elementals
  20 culicivoras
  11 water elementals
  Sigmund (D:2)
  15 wraiths
  A wyvern (shapeshifter) (D:13)
  A naga simulacrum (Crypt:2)
  A dire elephant simulacrum (IceCv)
  2 slime creature zombies
  53 yaks
  2 wyverns
  17 starcursed masses
  2 spriggans (shapeshifter)
  A hog (D:12)
  A human (shapeshifter) (D:15)
  3 basilisks
  6 fire elementals
  15 golden eyes
  A redback (shapeshifter) (Elf:3)
  11 vampire mosquitoes
  39 redbacks
  2 chaos spawn (Abyss:3)
  6 harpy simulacra (IceCv)
  4 neqoxecs
  2 acid dragons
  A hydra simulacrum (IceCv)
  15 water moccasins
  3 wargs
  A floating eye (Vaults:1)
  A floating eye (shapeshifter) (Vaults:1)
  A black bear (D:8)
  A cane toad skeleton (Crypt:3)
  An ettin simulacrum (Crypt:2)
  24 orc warriors
  3 sky beasts
  7 ogres
  2 ice beasts (D:5)
  2 tengu (shapeshifter)
  8 wolves
  5 centaurs
  A snapping turtle skeleton (Crypt:2)
  A swamp dragon skeleton (Crypt:2)
  5 kobold brigands
  16 bullfrogs
  4 necrophages
  2 scorpions
  A komodo dragon skeleton (Crypt:3)
  4 earth elementals
  15 small abominations
  14 wights
  A cyclops skeleton (Crypt:1)
  A polar bear zombie (Crypt:2)
  20 killer bees (Lair:5)
  A wolf zombie (Crypt:2)
  11 electric eels
  2 howler monkeys (D:4)
  3 quasits
  A wolf skeleton (Crypt:3)
  A hound (D:5)
  13 jellies
  Crazy Yiuf (D:2)
  2 iron imps
  15 orc priests
  A sleepcap (D:7)
  Jessica (D:2)
  A black bear skeleton (Crypt:1)
  2 iguanas
  29 orc wizards
  A boggart skeleton (Crypt:2)
  6 hell rats (Lair:5)
  A troll simulacrum (IceCv)
  A wolf simulacrum (IceCv)
  2 naga skeletons
  3 mummies (Crypt:3)
  5 gnolls
  10 adders
  11 river rats
  2 shadow imps
  18 white imps
  4 ufetubi
  3 worms
  3 dart slugs
  66 orcs
  A bat zombie (Crypt:1)
  9 endoplasms
  5 giant cockroaches
  9 goblins
  5 hobgoblins
  6 jackals
  2 quokkas (D:3)
  3 training dummies (Shoals:1)
  9 ball pythons
  4 bats (D:2)
  13 frilled lizards
  A hobgoblin zombie (Crypt:3)
  A jackal skeleton (Crypt:1)
  33 kobolds
  An orc skeleton (Crypt:2)
  10 rats
  A river rat zombie (Crypt:3)
  3 starspawn tentacles (Abyss:1)
  3 tentacles (Shoals:2)
2157 creatures vanquished.

Vanquished Creatures (collateral kills)
  Sojobo (Vaults:4)
  Asterion (Depths:2)
  2 tengu reavers (Vaults:4)
  An ironbound preserver (Vaults:4)
  A vault guard (Vaults:3)
  A deep troll earth mage (Depths:2)
  2 tengu warriors (Depths:2)
  An iron troll (Depths:2)
  6 deep trolls
  An ironbound convoker (Vaults:3)
17 creatures vanquished.

Vanquished Creatures (others)
  A jorogumo (Spider:3)
  A deep elf knight (Elf:2)
  An orb spider (Spider:4)
  A deep elf pyromancer (Elf:1)
  2 moths of wrath
  A cane toad (Lair:1)
  A meliai (Spider:2)
  A blink frog (Lair:5)
  A hornet (Spider:4)
  A raiju (Abyss:1)
  A culicivora (Spider:4)
  A water elemental (Elf:2)
  3 humans (D:12)
  A vampire mosquito (Lair:5)
  58 fungi
  A lurking horror (Abyss:4)
  181 plants
  A spectral weapon (Depths:2)
  17 starspawn tentacles
  13 tentacles (Shoals:2)
288 creatures vanquished.

Grand Total: 2462 creatures vanquished

Notes
Turn   | Place    | Note
-------+----------+-------------------------------------------
     0 | D:1      | Kenran the Vine Stalker Monk began the quest for the Orb.
     0 | D:1      | Reached XP level 1. HP: 11/11 MP: 2/2
   237 | D:1      | Reached XP level 2. HP: 16/16 MP: 3/3
   420 | D:1      | Reached XP level 3. HP: 19/19 MP: 4/4
   695 | D:2      | Noticed Sigmund
  1026 | D:2      | Gained mutation: Your natural rate of healing is unusually
                  | fast. [Vine Stalker growth]
  1026 | D:2      | Reached XP level 4. HP: 21/23 MP: 5/5
  1195 | D:2      | Found a runed translucent door.
  1196 | D:2      | Noticed Crazy Yiuf
  1283 | D:2      | Noticed Jessica
  1289 | D:2      | Found an ornate altar of the Wu Jian Council.
  1293 | D:2      | Killed Jessica
  1302 | D:2      | Reached skill level 5 in Short Blades
  1329 | D:2      | Reached XP level 5. HP: 27/27 MP: 6/6
  1874 | D:3      | Got the Collected Works on the Switch and the Gang
  2221 | D:3      | Found a glowing drain.
  2241 | Sewer    | Entered a sewer
  2284 | Sewer    | Reached XP level 6. HP: 29/32 MP: 5/7
  3418 | D:4      | Reached XP level 7. HP: 35/35 MP: 8/8
  3496 | D:4      | Found an ancient bone altar of Kikubaaqudgha.
  3883 | D:5      | Entered Level 5 of the Dungeon
  3888 | D:5      | Found a sparkling altar of Nemelex Xobeh.
  3940 | D:5      | Reached skill level 3 in Fighting
  4030 | D:5      | Found a snail-covered altar of Cheibriados.
  4049 | D:5      | Reached skill level 4 in Fighting
  4049 | D:5      | Gained mutation: You have razor-sharp teeth. [Vine Stalker
                  | growth]
  4049 | D:5      | Reached XP level 8. HP: 35/42 MP: 7/9
  4054 | D:5      | Reached skill level 1 in Armour
  4128 | D:5      | Reached skill level 1 in Evocations
  4509 | D:4      | Found an ancient bone altar of Kikubaaqudgha.
  6165 | D:2      | Found an ornate altar of the Wu Jian Council.
  6298 | D:2      | Found a runed translucent door.
  6406 | D:2      | Killed Sigmund
  6922 | D:2      | Killed Crazy Yiuf
  7245 | D:6      | Found a staircase to the Ecumenical Temple.
  7254 | Temple   | Entered the Ecumenical Temple
  7467 | Temple   | Became a worshipper of Elyvilon the Healer
  7467 | Temple   | Reached * piety under Elyvilon
  7467 | Temple   | Reached ** piety under Elyvilon
  7676 | D:6      | Found Yhaenic's Armour Shop.
  7682 | D:6      | Bought a +0 pair of gloves for 45 gold pieces
  7877 | D:7      | Reached XP level 9. HP: 27/45 MP: 7/10
  7931 | D:7      | Reached skill level 10 in Short Blades
  8006 | D:7      | Reached skill level 1 in Invocations
  8043 | D:7      | Found a sacrificial altar of Ru.
  8077 | D:7      | Found an opulent altar of Gozag.
  8410 | D:7      | Got the Writings on Beguiling Changing
  8466 | D:7      | Reached *** piety under Elyvilon
  8473 | D:7      | Noticed Maggie
  8509 | D:7      | Killed Maggie
  8641 | D:8      | Found a staircase to the Lair.
  8710 | D:8      | Reached skill level 5 in Fighting
  8741 | D:8      | Reached XP level 10. HP: 34/52 MP: 12/12
  9017 | D:8      | Found a blossoming altar of Fedhas.
  9089 | D:8      | Reached skill level 6 in Fighting
  9289 | D:8      | Found a shimmering blue altar of Sif Muna.
  9405 | D:9      | Noticed a two-headed ogre
  9563 | D:9      | Killed a two-headed ogre
  9658 | D:9      | Found Keutimm's Magic Scroll Shoppe.
  9674 | D:9      | Bought a scroll of identify for 26 gold pieces
  9674 | D:9      | Bought a scroll of identify for 26 gold pieces
  9674 | D:9      | Bought a scroll of identify for 26 gold pieces
  9674 | D:9      | Bought a scroll of identify for 26 gold pieces
  9779 | D:9      | Reached **** piety under Elyvilon
  9925 | D:9      | Noticed a two-headed ogre
  9935 | D:9      | Killed a two-headed ogre
  9936 | D:9      | Reached skill level 7 in Fighting
  9959 | D:9      | Found an iron altar of Okawaru.
 10289 | D:10     | Entered Level 10 of the Dungeon
 10352 | D:10     | Reached XP level 11. HP: 45/58 MP: 15/15
 10498 | D:10     | Reached skill level 8 in Fighting
 10539 | D:10     | Found a staircase to the Orcish Mines.
 10698 | D:10     | Found a runed translucent gate.
 10703 | D:10     | Found a runed translucent gate.
 10704 | D:10     | Found a runed translucent gate.
 10705 | D:10     | Noticed FlurksSlurper's ghost (journeyman DsBr)
 10707 | D:10     | Found a burning altar of Makhleb.
 10708 | D:10     | Found a broken altar of Ashenzari.
 10709 | D:10     | Found a basalt altar of Yredelemnul.
 10776 | D:10     | Noticed a manticore
 10781 | D:10     | Killed a manticore
 10834 | D:10     | Noticed a two-headed ogre
 10840 | D:10     | Killed a two-headed ogre
 10969 | D:10     | Reached skill level 5 in Invocations
 11406 | D:11     | Noticed Sonja
 11415 | D:11     | Killed Sonja
 11781 | D:11     | Reached skill level 5 in Armour
 12149 | D:11     | Identified a scroll of acquirement
 12150 | D:11     | Acquired the +3 quick blade of Ytupepna {freeze, rElec
                  | Str+3 Dex+2 SInv}
 12237 | Lair:1   | Entered Level 1 of the Lair of Beasts
 12333 | D:8      | Reached XP level 12. HP: 31/65 MP: 17/17
 12399 | D:8      | Reached skill level 9 in Fighting
 12447 | Lair:1   | Reached ***** piety under Elyvilon
 12685 | Lair:1   | Reached skill level 10 in Fighting
 12774 | Lair:1   | Reached skill level 1 in Shields
 12846 | Lair:1   | Identified the ring "Pasungac" {Wiz rN+}
 13426 | Lair:2   | Noticed a skyshark
 13426 | Lair:2   | Noticed Gastronok
 13432 | Lair:1   | Pacified a skyshark
 13453 | Lair:2   | Paralysed by a hornet for 1 turns
 13485 | Lair:1   | Paralysed by a hornet for 1 turns
 13535 | Lair:2   | Reached skill level 5 in Dodging
 13595 | Lair:2   | Killed Gastronok
 13630 | Lair:2   | Found a hole to the Spider Nest.
 13792 | Lair:2   | Reached XP level 13. HP: 72/72 MP: 18/18
 13937 | Lair:2   | Identified the amulet of Zyoqas {*Slow Will+++ Regen+ Str-2
                  | Stlth+}
 14983 | Lair:3   | Identified the +0 rapier of Fareisal {freeze, Int+6}
 15139 | Lair:3   | Found a blossoming altar of Fedhas.
 15192 | Lair:3   | Identified the +9 whip "Tormentor" {heavy, rN+ Will- Int+2}
 15194 | Lair:3   | Reached ****** piety under Elyvilon
 15545 | Lair:3   | Found a staircase to the Shoals.
 15927 | Lair:4   | Found a runed translucent gate.
 15928 | Lair:4   | Found a runed translucent gate.
 15928 | Lair:4   | Found a runed translucent gate.
 15963 | Lair:4   | Noticed Vuzxemn's ghost (journeyman DEFE)
 16238 | Lair:4   | Reached skill level 5 in Evocations
 16633 | Lair:4   | Reached skill level 11 in Fighting
 16774 | Lair:4   | Found the macabre finger necklace {Finger+ rN+}
 16817 | Lair:5   | Entered Level 5 of the Lair of Beasts
 16877 | Lair:5   | Found a staircase to the Slime Pits.
 16877 | Lair:5   | Found a viscous altar of Jiyva.
 17089 | Lair:4   | Reached skill level 12 in Fighting
 17294 | Lair:5   | Reached XP level 14. HP: 71/80 MP: 20/20
 17566 | Lair:5   | Found a runed translucent door.
 17568 | Lair:5   | Noticed FlurksSlurper's ghost (journeyman DsBr)
 17569 | Lair:5   | Identified the +3 trident of the Fool {heavy, Will+ SInv}
 17793 | Lair:5   | Reached skill level 5 in Shields
 17916 | Lair:5   | Found a frozen archway.
 17963 | IceCv    | Entered an ice cave
 18735 | Lair:5   | Reached skill level 13 in Fighting
 18956 | Lair:5   | Got Eringya's Volume of the Transmuted Assassin
 19650 | Lair:4   | Upgraded the game from 0.30-a0-1160-g6e42c06551 to
                  | 0.30-a0-1163-gf69bf04e7a
 19914 | D:12     | Noticed Kirke
 20024 | D:11     | Killed Kirke
 20025 | D:11     | Reached skill level 14 in Fighting
 20076 | D:12     | Noticed Josephine
 20119 | D:12     | Noticed Erolcha
 20133 | D:12     | Killed Erolcha
 20201 | D:12     | Reached XP level 15. HP: 88/88 MP: 22/22
 20255 | D:12     | Killed Josephine
 20730 | D:12     | Found Fimeas's General Store.
 20739 | D:12     | Bought a scroll of identify for 20 gold pieces
 21954 | D:14     | Noticed Jorgrun
 22088 | D:14     | Killed Jorgrun
 22285 | D:14     | Found a gate to the Vaults.
 22966 | D:15     | Entered Level 15 of the Dungeon
 23142 | D:15     | Reached skill level 10 in Dodging
 23258 | D:15     | Paralysed by a floating eye for 4 turns
 23637 | D:15     | Found a staircase to the Depths.
 23637 | D:15     | Noticed a frost giant
 23661 | D:15     | Killed a frost giant
 24118 | D:15     | Reached skill level 10 in Invocations
 24261 | Orc:1    | Entered Level 1 of the Orcish Mines
 24698 | Orc:2    | Entered Level 2 of the Orcish Mines
 24710 | Orc:2    | Found a staircase to the Elven Halls.
 25228 | Orc:2    | Reached XP level 16. HP: 65/89 MP: 18/24
 25637 | Orc:2    | Paralysed by an ogre mage for 4 turns
 25641 | Orc:2    | Found a radiant altar of Vehumet.
 25676 | Orc:2    | Found Vaegumisog's Magic Scroll Emporium.
 25693 | Orc:2    | Noticed Nergalle
 25698 | Orc:2    | Found an ancient bone altar of Kikubaaqudgha.
 25711 | Orc:2    | Killed Nergalle
 25737 | Orc:2    | Bought a scroll of blinking for 90 gold pieces
 25737 | Orc:2    | Bought 2 scrolls of identify for 48 gold pieces
 25762 | Orc:2    | Found Kofaest's Jewellery Emporium.
 25779 | Orc:2    | Found Asejenim's Antique Armour Shoppe.
 25788 | Orc:2    | Found Pirol's Distillery.
 25808 | Orc:2    | Bought the amulet of the Four Winds {rN+ Will+++ Clar} for
                  | 849 gold pieces
 25808 | Orc:2    | Found the amulet of the Four Winds {rN+ Will+++ Clar}
 26736 | Spider:1 | Entered Level 1 of the Spider Nest
 28296 | Spider:2 | Elyvilon protects you from harm!
 28511 | Spider:2 | Acquired a manual of Armour
 29142 | Spider:2 | Reached skill level 10 in Shields
 29294 | Spider:2 | Reached skill level 10 in Armour
 31254 | Spider:3 | Reached XP level 17. HP: 54/94 MP: 25/25
 31779 | Spider:4 | Entered Level 4 of the Spider Nest
 33018 | Spider:4 | Reached skill level 15 in Fighting
 33359 | Spider:4 | Upgraded the game from 0.30-a0-1163-gf69bf04e7a to
                  | 0.30-a0-1164-ge08a67761e
 34196 | Spider:4 | Got a gossamer rune of Zot
 34415 | Shoals:1 | Entered Level 1 of the Shoals
 34415 | Shoals:1 | Found Wevaf's Firing Range.
 35140 | Shoals:1 | Upgraded the game from 0.30-a0-1164-ge08a67761e to
                  | 0.31-a0-4-gefa6de2278
 35422 | Shoals:1 | Reached XP level 18. HP: 65/105 MP: 24/27
 35841 | Shoals:2 | Reached skill level 16 in Fighting
 36071 | Shoals:2 | Found Juin's General Store.
 36113 | Shoals:2 | Bought a potion of haste for 170 gold pieces
 36549 | Shoals:2 | Identified the +2 kite shield of Grottiness {Rampage rCorr
                  | Int+6}
 37298 | Shoals:2 | HP: 3/107 [tentacle[a kraken] (5)]
 37753 | Shoals:3 | Reached skill level 17 in Fighting
 37817 | Shoals:3 | Got Ceshegao's Hocus-Pocus, and How To Use It
 37832 | Shoals:3 | Found Mabymauf's Book Shoppe.
 37951 | Shoals:3 | Identified the +1 scale mail of the Apprentice {Stlth+}
 38142 | Shoals:4 | Entered Level 4 of the Shoals
 38395 | Shoals:4 | Noticed Bai Suzhen
 38491 | Shoals:3 | Killed Bai Suzhen
 38879 | Shoals:4 | Reached skill level 18 in Fighting
 39037 | Shoals:4 | Reached XP level 19. HP: 36/114 MP: 29/29
 39242 | Shoals:4 | Identified the staff of fire "Zidwawki" {Drain rF+ rC+
                  | Str+3}
 39261 | Shoals:4 | Identified the +1 short sword "Xalilakia" {heavy, rCorr}
 39440 | Shoals:4 | Got a barnacled rune of Zot
 40034 | Elf:1    | Entered Level 1 of the Elven Halls
 40423 | Elf:1    | Noticed a Hell Sentinel
 40743 | Elf:1    | Paralysed by an air elemental for 1 turns
 41661 | Elf:2    | Reached skill level 10 in Evocations
 41679 | Elf:2    | Found a runed translucent gate.
 41679 | Elf:2    | Found a runed translucent gate.
 41679 | Elf:2    | Found a runed translucent gate.
 42054 | Elf:2    | Noticed Agnes
 42070 | Elf:2    | Killed Agnes
 42583 | Elf:2    | Reached XP level 20. HP: 95/120 MP: 30/30
 43032 | Elf:3    | Entered Level 3 of the Elven Halls
 43084 | Elf:3    | Found Sol Roos's Weapon Emporium.
 43128 | Elf:3    | Noticed Nikola
 43151 | Elf:3    | Killed Nikola
 43152 | Elf:3    | Reached skill level 19 in Fighting
 43182 | Elf:3    | Found Akhuheyz's Antique Armour Emporium.
 43344 | Elf:3    | Found a runed translucent door.
 43394 | Elf:3    | Identified the +8 scimitar of Leleu {antimagic, Dex+3}
 43472 | Elf:3    | Found Xaol's Antique Weapon Boutique.
 43496 | Elf:3    | Reached skill level 1 in Long Blades
 43590 | Elf:3    | Found Gufuagg's Weapon Boutique.
 43649 | Elf:3    | Found Vofimix's Assorted Antiques.
 44093 | Vaults:1 | Entered Level 1 of the Vaults
 44113 | Vaults:1 | Reached skill level 1 in Spellcasting
 44954 | Vaults:1 | Reached skill level 5 in Spellcasting
 45225 | Vaults:1 | Elyvilon protects you from harm!
 45815 | Vaults:1 | Noticed a Brimstone Fiend
 46111 | Vaults:1 | Reached skill level 20 in Fighting
 46367 | Vaults:1 | Identified the ring of Foolhardiness {Ice Fly Str+4 Int-4}
 46830 | Vaults:2 | Reached skill level 5 in Long Blades
 47254 | Vaults:2 | Noticed a bone dragon
 47256 | Vaults:2 | Found a staircase to the Crypt.
 47314 | Vaults:2 | Killed a bone dragon
 47315 | Vaults:2 | Reached XP level 21. HP: 105/128 MP: 29/31
 49386 | Vaults:3 | Found Cupte's Weapon Shoppe.
 50691 | Vaults:4 | Noticed Donald
 50753 | Vaults:4 | Killed Donald
 50956 | Vaults:4 | Noticed Sojobo
 51016 | Vaults:4 | Killed Sojobo
 51038 | Vaults:4 | Reached XP level 22. HP: 40/133 MP: 28/32
 51826 | Vaults:4 | Reached skill level 15 in Armour
 51953 | Vaults:4 | Noticed Xtahua
 51972 | Vaults:4 | Killed Xtahua
 52208 | Vaults:4 | Found a transporter.
 52210 | Vaults:4 | Noticed Yhutz's ghost (veteran MiFi)
 52211 | Vaults:4 | Identified the +1 hand axe "Koopaomiga" {holy, Will+}
 52211 | Vaults:4 | Identified the +10 great mace "Elaaz" {elec, Fly rF+ Str+3}
 52572 | Depths:1 | Entered Level 1 of the Depths
 52582 | Depths:1 | Found Dunaach's General Store.
 52583 | Depths:1 | Found Impept's Distillery.
 52583 | Depths:1 | Found Kerax's Book Shop.
 52588 | Depths:1 | Bought a scroll of blinking for 112 gold pieces
 52588 | Depths:1 | Bought a +2 cloak of stealth for 322 gold pieces
 52599 | Depths:1 | Found Heahas's General Store.
 52667 | Depths:1 | Found a portal to a secret trove of treasure.
 53631 | Depths:1 | Found an ornate altar of the Wu Jian Council.
 53706 | Depths:1 | Found a gateway to Hell.
 53972 | Depths:2 | Noticed Asterion
 53998 | Depths:2 | Killed Asterion
 54260 | Depths:2 | Found a one-way gate leading to the halls of Pandemonium.
 54499 | Depths:2 | Noticed Mara
 54531 | Depths:2 | Noticed Kenran's illusion
 54886 | Depths:2 | Noticed Kenran's illusion
 55017 | Depths:3 | Noticed Vv
 55020 | Depths:3 | Elyvilon protects you from harm!
 55288 | Depths:2 | Killed Vv
 55414 | Depths:3 | Reached skill level 15 in Invocations
 55759 | Depths:3 | Reached XP level 23. HP: 63/137 MP: 28/35
 56845 | Depths:3 | Found a one-way gate to the infinite horrors of the Abyss.
 56845 | Depths:3 | Noticed Louise
 56889 | Depths:3 | Killed Louise
 57310 | Depths:3 | Found a one-way gateway to a ziggurat.
 57350 | Depths:3 | Reached skill level 1 in Maces & Flails
 57406 | Depths:2 | Noticed Kenran's illusion
 57479 | Depths:4 | Entered Level 4 of the Depths
 57699 | Depths:4 | Found a runed translucent door.
 57706 | Depths:4 | Noticed a dread lich
 57712 | Depths:4 | Found a runed translucent door.
 57755 | Depths:4 | Noticed Morbidden's ghost (master FoHu)
 58149 | Depths:4 | Reached skill level 5 in Maces & Flails
 58235 | Depths:4 | Found a gate to the Realm of Zot.
 60504 | Elf:3    | Identified the ring of Tomorrow {*Slow rN+ MP+9 Str+3}
 60584 | Elf:3    | Identified the +9 trident of Fimbulwinter {flame, rElec
                  | rPois Dex-3}
 60602 | Elf:3    | Identified the ring of Arrival {rC+ Int+6 Stlth+}
 60906 | Elf:3    | Identified the staff of death "Rutiggirri" {rN+ Will+}
 60914 | Elf:3    | Identified the ring of Zuirres {rElec Will+ MP+9 Str+6
                  | Int-5}
 60921 | Elf:3    | Identified the +5 sling of Cowardice {antimagic, rPois rC-
                  | Int-4 Dex+5}
 60927 | Elf:3    | Identified the amulet "Degen" {RegenMP Will+ Slay+2}
 61007 | Elf:3    | Identified the +1 ring mail of Compression {Dex+3}
 61054 | Elf:3    | Identified the +4 sling of Inflation {elec, MP+9}
 61058 | Elf:3    | Identified the staff of air "Nateel" {rElec Int+3}
 61431 | Crypt:1  | Entered Level 1 of the Crypt
 61634 | Crypt:1  | Reached skill level 10 in Maces & Flails
 61722 | Crypt:1  | Noticed Zenata
 61765 | Crypt:1  | Killed Zenata
 61766 | Crypt:1  | Reached XP level 24. HP: 86/142 MP: 33/35
 64136 | Crypt:3  | Entered Level 3 of the Crypt
 64861 | Crypt:3  | Identified the +5 quarterstaff "Fiukua" {freeze, Int+3}
 64884 | Crypt:3  | Found a staircase to the Tomb.
 65022 | Crypt:3  | Noticed a royal mummy
 65022 | Crypt:3  | Noticed a royal mummy
 65348 | Crypt:3  | Noticed Khufu
 65807 | Depths:3 | Voluntarily entered the Abyss.
 65877 | Abyss:1  | Found a corrupted altar of Lugonu.
 66827 | Abyss:3  | Found a corrupted altar of Lugonu.
 66829 | Abyss:3  | Found a corrupted altar of Lugonu.
 67093 | Abyss:3  | Reached skill level 15 in Maces & Flails
 67232 | Abyss:3  | Paralysed by accursed screaming for 1 turns
 67237 | Abyss:3  | Paralysed by accursed screaming for 2 turns
 67298 | Abyss:4  | Found a corrupted altar of Lugonu.
 67421 | Abyss:4  | Reached XP level 25. HP: 100/137 MP: 35/35
 67688 | Depths:3 | Escaped the Abyss
 68057 | Slime:1  | Entered Level 1 of the Pits of Slime
 68094 | Slime:1  | Reached skill level 15 in Shields
 68215 | Slime:1  | Gained mutation: You occasionally shout uncontrollably at
                  | your foes. [a shining eye]
 68217 | Slime:1  | Gained mutation: You are strong-willed. (Will+) [a shining
                  | eye]
 68839 | Slime:3  | Gained mutation: You occasionally lose the ability to read
                  | scrolls when taking damage. [a shining eye]
 68840 | Slime:3  | Gained mutation: Your body sometimes deteriorates upon
                  | taking damage. [a shining eye]
 68842 | Slime:3  | Gained mutation: You are weak. (Str -2) [a shining eye]
 68856 | Slime:3  | Gained mutation: You sometimes lose your temper in combat.
                  | [a shining eye]
 68859 | Slime:3  | Gained mutation: You are clumsy. (Dex -2) [a shining eye]
 69810 | Slime:4  | Gained mutation: You are frail. (-10% HP) [a shining eye]
 69811 | Slime:4  | Gained mutation: You are dopey. (Int -2) [a shining eye]
 70480 | D:10     | Killed FlurksSlurper's ghost
 70649 | Slime:5  | Entered Level 5 of the Pits of Slime
 70858 | Slime:5  | Noticed the Royal Jelly
 70992 | Slime:5  | Noticed Dissolution
 71002 | Slime:4  | Paralysed by a floating eye for 4 turns
 71006 | Slime:4  | Elyvilon protects you from harm!
 71007 | Slime:4  | HP: 7/198 [drowned by a quicksilver ooze (4)]
 71008 | Slime:4  | HP: 2/198 [drowned by a quicksilver ooze (4)]
 71009 | Slime:4  | Drowned by a quicksilver ooze

Illustrated notes

Levels and vault maps discovered:
D:1:      heliophobic_arrival_dark_side_of_the_moon, layout_basic
D:2:      layout_loops_ring, basic_altar, minmay_pentomino_t4,
          uniq_crazy_yiuf_cottage, uniq_sigmund, uniq_jessica
D:3:      layout_basic, lightli_sewer_entry_pipes, minmay_increasing_density
D:4:      layout_basic, amcnicky_altar_gilded, hangedman_minor_gate_pass
D:5:      layout_basic, nicolae_overflow_crystal_walls,
          mainiacjoe_overflow_six_doors_small
D:6:      layout_loops_ring, minmay_temple_entry_proselytizer, serial_shops,
          nicolae_shop_stone
D:7:      layout_rooms, nicolae_ru_path_of_blood,
          nicolae_gozag_cash_rules_everything_around_me, nicolae_water_bricks,
          kennysheep_generic_room_9, uniq_maggie
D:8:      layout_loops_ring, lemuel_tele_altar, fedhas_altar_2,
          due_lair_maze_entry_diamond, nicolae_benzene_ring, minivault_27,
          minivault_5
D:9:      layout_irregular_city, mainiacjoe_overflow_alcove_4, serial_shops,
          nicolae_shop_tiny_statue_garden
D:10:     layout_loops_ring, chequers_temple_overflow_statue_of_worship,
          erik_orc_2, gammafunk_ghost_spectres
D:11:     layout_stronghold, small_statue_alley_a, uniq_sonja
D:12:     layout_rooms, serial_shops, shop, hangedman_fish_farm, uniq_kirke,
          uniq_erolcha, uniq_josephine
D:13:     layout_basic, hangedman_decor_peaks_small
D:14:     layout_stronghold, david_vaults_4, small_statue_intersection,
          uniq_jorgrun
D:15:     grunt_enter_depths_snipers, layout_irregular_city
Temple:   grunt_temple_mini_profane
Lair:1:   layout_long_grid, serial_bayou_lagoon_a, st_stairs_10,
          chequers_serial_rivers_large_b, hangedman_lair_unloving_vines,
          chequers_serial_rivers_micro_e, infiniplex_staircase_pool
Lair:2:   layout_layer_cave, dummy_spider_entry, chequers_serial_rivers_marsh,
          st_stairs_4, small_statue_intersection,
          chequers_serial_rivers_large_a, dreamdust_wasp_nest,
          infiniplex_staircase_pool_2, uniq_gastronok
Lair:3:   layout_cave_pods, minmay_shoals_entry_hut, basic_altar, serial_forest,
          infiniplex_forest_straight_2, infiniplex_forest_clump_long,
          infiniplex_forest_clump_diagonal, infiniplex_forest_straight_2,
          infiniplex_forest_clump_diagonal, infiniplex_forest_clump_double,
          infiniplex_forest_lined_corner, cheibrodos_lair_reptile_den
Lair:4:   layout_regular_city, gammafunk_ghost_icy, gammafunk_lair_bear_cave
Lair:5:   minmay_lair_end_frog_pond, layout_gridlike, slime_entry_1,
          portal_ice_cave_entry_imps, ebering_ghost_funeral_grove, special_room
          [special_room_bee], lemuel_old_faithful
Shoals:1: layout_shoals, nicolae_shop_firing_range
Shoals:2: layout_shoals, serial_shops, nicolae_shop_tiny_glass
Shoals:3: layout_shoals, serial_shops, shop
Shoals:4: shoals_end_hellmonk_lost_city, uniq_bai_suzhen
Spider:1: layout_chambers, drop_trap
Spider:2: layout_spider_delve, nicolae_orb_stairs
Spider:3: layout_cave_pods
Spider:4: spider_rune_water, nicolae_spider_webbed_stairs
Slime:1:  layout_caves
Slime:2:  layout_caves
Slime:3:  nicolae_slime_jelly_donut, layout_caves
Slime:4:  layout_caves, cheibrodos_slime_lost_civilization_5
Slime:5:  uniq_dissolution
Orc:1:    layout_diamond_mine, basic_altar
Orc:2:    kennysheep_orc_mage_school, layout_caves, nicolae_orc_bridge_out
Elf:1:    layout_geoelf_octagon, minivault_28
Elf:2:    nicolae_elf_blades_splatter_lattice [nicolae_blade_tridents],
          layout_geoelf_grid, serial_shops, statue_bzr, uniq_agnes
Elf:3:    minmay_elf_hall_furrowed, layout_geoelf_castle, serial_shops, shop,
          nicolae_diamond_shop, nicolae_shop_advertising_works
          [nicolae_subvault_shop_adworks], shop, nicolae_shop_waterfront,
          minivault_13, uniq_nikola
Vaults:1: st_greater_box_2, nicolae_vaults_alarming, vaults_room_door_hall,
          v_rooms_1, ontoclasm_vaults_eye, nicolae_vaults_closet_pinwheel_3,
          nicolae_vaults_oval_intersection, nicolae_vaults_trapezoid_2,
          vaults_room_stairs_pillars, vaults_room_large_hall,
          layout_vaults_omnicross
Vaults:2: nicolae_vaults_storage_room_glass, nicolae_vaults_storage_closets_1,
          v_misc_9, minmay_crypt_entry_nasty_monster, vaults_room_boxed,
          vaults_room_pools, nicolae_vaults_border_crossing,
          hangedman_vaults_unwind, v_misc_27, grunt_vaults_hallway_short,
          nicolae_vaults_apartment_1, layout_vaults_omnibox
Vaults:3: ontoclasm_vaults_spin, vaults_room_grid, v_pattern_4,
          nicolae_vaults_three_branches, nicolae_vaults_variable_pillar_hall,
          ontoclasm_vaults_chip, ontoclasm_vaults_chip,
          nicolae_vaults_taking_the_gang_shopping,
          nicolae_vaults_little_squares_4, vaults_dpeg_emergency_exit,
          layout_vaults_omnigrid
Vaults:4: gammafunk_ghost_smash, nicolae_vaults_trapezoid_lopsided_1,
          vaults_room_door_ring, ontoclasm_vaults_loading_screen,
          nicolae_vaults_circle_grid_b, st_lines, nicolae_vaults_two_Ls,
          layout_vaults_big_room, uniq_sojobo, uniq_donald, uniq_xtahua
Crypt:1:  layout_catacombs, grunt_crypt_arrival_split, uniq_zenata
Crypt:2:  layout_chaotic_city, grunt_megastairs_3, uniq_margery
Crypt:3:  due_elkab, layout_chaotic_city, nicolae_tomb_entry_rubble_hallway,
          serial_sigils_hangedman_leer, st_burial_chamber, uniq_khufu
Depths:1: layout_roguey, hell_entry, corexii_hall_statues_l,
          trove_entry_hex_spiral, nicolae_kite_square_tiling_tiny,
          nicolae_wu_jian_immortal_techniques, minmay_shoptagon,
          serial_bayou_shore_a
Depths:2: cheibrodos_cascadia, layout_twisted_cross, pan_entry, hellmouth_3,
          moated_statue, uniq_asterion, uniq_mara, uniq_josephina
Depths:3: grunt_deathspiral_large, layout_cave_pools, enter_ziggurat_d,
          nicolae_abyss_entry_one_way_or_another, grunt_hell_entry_dis_mu,
          serial_bayou_pond_b, uniq_vv
Depths:4: evilmike_zot_entry_hall, layout_long_grid, hell_entry,
          muffindrake_ghost_dual_entry, kennysheep_crisscross

Skill      XL: |  1  2  3  4  5  6  7  8  9 10 11 12 13 14 15 16 17 18 19 20 21 22 23 24 25 |
---------------+----------------------------------------------------------------------------+-----
Short Blades   | 3 4 5 7 8 9 10 12 | 12.0
Fighting       | 4 5 7 8 10 12 14 15 18 20 | 20.0
Armour         | 2 4 6 7 8 12 14 16 | 16.1
Evocations     | 2 4 5 6 8 10 12 | 12.4
Invocations    | 2 4 6 7 8 10 11 12 13 15 | 15.0
Dodging        | 4 5 6 8 10 12 | 12.4
Shields        | 4 5 7 10 12 14 16 | 16.1
Long Blades    | 6 7 |  7.8
Spellcasting   | 5 |  5.0
Maces & Flails | 10 15 16 | 16.0

Action                     |  1- 3 |  4- 6 |  7- 9 | 10-12 | 13-15 | 16-18 | 19-21 | 22-24 | 25-27 || total
---------------------------+-------+-------+-------+-------+-------+-------+-------+-------+-------++-------
  Melee: Short sword       |    90 |    46 |       |       |       |       |       |       |       ||   136
         Bite              |    32 |    85 |   139 |   462 |  1557 |  1945 |  2276 |  3348 |   442 || 10286
         Dagger            |       |   234 |   289 |   398 |       |       |       |       |       ||   921
         Quick blade       |       |       |       |   507 |  3085 |  3755 |  3918 |  4538 |       || 15803
         Eveningstar       |       |       |       |       |       |       |       |   496 |   691 ||  1187
 Invoke: Heal Self         |       |       |       |     1 |     2 |     5 |     8 |     2 |     3 ||    21
         Heal Other        |       |       |       |     2 |     3 |     6 |       |       |       ||    11
         Purification      |       |       |       |       |       |       |       |       |     1 ||     1
         Divine Vigour     |       |       |       |       |       |       |       |       |     1 ||     1
  Evoke: Wand              |       |       |     8 |    15 |     6 |    22 |       |    16 |       ||    67
         Phantom mirror    |       |       |       |       |       |     1 |     2 |     1 |       ||     4
         Box of beasts     |       |       |       |       |       |       |     2 |     1 |       ||     3
         Phial of floods   |       |       |       |       |       |       |       |     2 |       ||     2
    Use: Scroll            |       |     5 |     1 |    11 |    12 |    13 |    12 |    33 |     1 ||    88
         Potion            |       |       |       |       |     1 |     5 |     9 |     8 |     3 ||    26
   Stab: Distracted        |       |       |       |     1 |       |     1 |     1 |     3 |       ||     6
         Sleeping          |       |       |       |       |     2 |       |     1 |       |       ||     3
         Fleeing           |       |       |       |       |       |       |     1 |       |       ||     1
 Armour: Ring mail         |    20 |    76 |    77 |   108 |       |       |       |       |       ||   281
         Troll leather arm |       |       |       |    96 |   359 |    16 |       |       |       ||   471
         Swamp dragon scal |       |       |       |       |       |   582 |   198 |       |       ||   780
         Plate armour      |       |       |       |       |       |       |   321 |   784 |   364 ||  1469
  Dodge: Dodged            |    38 |   105 |    91 |   284 |   808 |  1769 |   970 |  1100 |   429 ||  5594
  Block: Buckler           |       |       |       |    32 |   217 |       |       |       |       ||   249
         Kite shield       |       |       |       |       |   410 |  1959 |  1282 |  1722 |   592 ||  5965

Table legend: (Time is in decaauts)
 A = Elapsed time spent in this place.
 B = Non-inter-level travel time spent in this place.
 C = Inter-level travel time spent in this place.
 D = Time resting spent in this place.
 E = Time spent auto-exploring this place.
 F = Levels seen in this place.
 G = Mean time per level.
                   A        B        C        D        E       F      G
               +--------+--------+--------+--------+--------+-----+--------+
         Total |  61180 |  55687 |   5493 |   6057 |  29398 |  56 | 1092.5 |
       Dungeon |  16449 |  14257 |   2192 |    474 |  10041 |  15 | 1096.6 |
        Temple |    235 |    191 |     44 |      0 |    183 |   1 |  235.0 |
          Lair |   6000 |   5390 |    610 |    198 |   3521 |   5 | 1200.0 |
        Shoals |   4406 |   4154 |    252 |    875 |   1031 |   4 | 1101.5 |
   Spider Nest |   6479 |   6259 |    220 |    920 |   3427 |   4 | 1619.8 |
    Slime Pits |   2555 |   2419 |    136 |    438 |   1224 |   5 |  511.0 |
  Orcish Mines |   2011 |   1620 |    391 |    130 |    773 |   2 | 1005.5 |
   Elven Halls |   4329 |   3997 |    332 |    683 |   1814 |   3 | 1443.0 |
        Vaults |   6658 |   6232 |    426 |    904 |   2749 |   4 | 1664.5 |
         Crypt |   3297 |   3187 |    110 |    241 |   1701 |   3 | 1099.0 |
        Depths |   5921 |   5145 |    776 |    958 |   2085 |   4 | 1480.2 |
         Abyss |   1686 |   1686 |      0 |    185 |    299 |   4 |  421.5 |
         Sewer |    705 |    705 |      0 |      0 |    435 |   1 |  705.0 |
      Ice Cave |    442 |    442 |      0 |     47 |    112 |   1 |  442.0 |
               +--------+--------+--------+--------+--------+-----+--------+

Top non-repeatable levels by time:
     D:3: 2207 daAuts
Vaults:1: 2141 daAuts
Depths:3: 1941 daAuts
Spider:2: 1895 daAuts
   Elf:3: 1861 daAuts
     D:2: 1812 daAuts
Vaults:3: 1750 daAuts
Spider:4: 1731 daAuts
   Elf:2: 1722 daAuts
Depths:1: 1610 daAuts
Depths:4: 1564 daAuts
Spider:1: 1534 daAuts
Vaults:2: 1465 daAuts
  Lair:5: 1367 daAuts
   Orc:2: 1341 daAuts
